 Dungeon Crawl Stone Soup version bcrawl-1.26.1 (webtiles) character file.

Game seed: 4262345389757712923

95669 Freyura the Sneak (level 2, -6/15 HPs)
             Began as a Spriggan Rogue on July 10, 2020.
             Mangled by a worm (11 damage)
             ... on level 1 of the Dungeon.
             The game lasted 00:03:16 (984 turns).

Freyura the Sneak (Spriggan Rogue)                   Turns: 984, Time: 00:03:16

Health: -6/15      AC:  2    Str: 13    XL:     2   Next: 68%
Magic:  5/5        EV: 16    Int: 12    God:
Gold:   115        SH:  0    Dex: 17    Spells: 1/1 levels left

rFire    + . .     SeeInvis +   a - +2 dagger
rCold    + . .     Gourm    .   (shield restricted)
rNeg     . . .     Faith    .   c - +0 robe
rPois    .         Spirit   .   (helmet restricted)
rElec    .         Reflect  .   j - scarf {rC+ rF+}
rCorr    .         Harm     .   (gloves unavailable)
MR       .....                  (boots unavailable)
Stlth    ++++......             (no amulet)
HPRegen  0.05/turn              i - +6 ring of strength
MPRegen  0.09/turn              k - ring of wizardry

@: very quick
A: very small, unfitting armour, see invisible, herbivore, speed 3, slow
metabolism 2
a: no special abilities


You were on level 1 of the Dungeon.
You were not hungry.

You visited 1 branch of the dungeon, and saw 2 of its levels.

You collected 115 gold pieces.

Inventory:

Hand Weapons
 a - a +2 dagger (weapon)
 b - a +0 blowgun
Missiles
 h - 80 poisoned needles
Armour
 c - a +0 robe (worn)
 d - a +0 cloak
 j - a scarf of resistance (worn)
Jewellery
 i - a +6 ring of strength (left hand)
 k - a ring of wizardry (right hand)
Wands
 f - a wand of flame (13)
 g - a wand of enslavement (15)
Scrolls
 m - 2 scrolls of blinking {unknown}
 n - a scroll of enchant weapon {unknown}
 p - a scroll of identify
 r - a scroll of remove curse {unknown}
Potions
 l - a potion of heal wounds {unknown}
 o - a potion of might {unknown}
 q - a potion of curing {unknown}
 s - a potion of berserk rage {unknown}
 t - a potion of lignification {unknown}
Comestibles
 e - 2 rations {!d}


   Skills:
 + Level 1.8 Fighting
 + Level 2.7 Short Blades
 + Level 1.1 Dodging
 * Level 6.9 Stealth
 + Level 3.0 Evocations


You had one spell level left.
You didn't know any spells.
Your spell library was empty.

Dungeon Overview and Level Annotations

Branches:
Dungeon (2/12)

Altars:


Innate Abilities, Weirdness & Mutations

You are very small and have problems with some larger weapons.
You are too small for most types of armour.
You have supernaturally acute eyesight. (SInv)
You are a herbivore.
You cover ground extremely quickly.
You need to consume almost no food.


Message History

You hit the worm.
The worm is heavily wounded.
The worm barely misses you.
You barely miss the worm.
The worm is heavily wounded.
You hit the worm.
The worm is severely wounded.
The worm barely misses you.
You barely miss the worm.
The worm is heavily wounded.
You hit the worm.
The worm is severely wounded.
The worm bites you but does no damage.
You hit the worm.
The worm is almost dead.
You barely miss the worm.
The worm is almost dead.
The worm bites you!
Ouch! That really hurt!
You die...

#...).........#.#####......#.#.
#.............#.##########.#.#.
#.............#..............#.
#.............############.#...
####'#........# ##########'#.#.
#.+........###............#.
###........+.'............#.
######......>w###..............
#............#@............#.#.
#.##########.#.................
#.#...†..).#.#.#####...#####.#.
#.#.######.#.#.....#.......#.#.
#.#†######.#.#.##.......##.#.#.
#.#.#......#.#..+.......##.#+#.
#.#.#.######.####.......##.....
#.#.#.##.......##.......##.....
#.#.#.##.###.#.##.......##....#


You could see a worm.

Vanquished Creatures
  An ooze (D:1)
  2 bats (D:1)
  A goblin (D:1)
  5 hobgoblins (D:1)
  3 frilled lizards (D:1)
  3 kobolds (D:1)
  2 rats (D:1)
17 creatures vanquished.

Notes
Turn   | Place    | Note
-------+----------+-------------------------------------------
     0 | D:1      | Freyura the Spriggan Rogue began the quest for the Orb.
     0 | D:1      | Reached XP level 1. HP: 10/10 MP: 3/3
   294 | D:1      | Reached XP level 2. HP: 13/15 MP: 5/5
   531 | D:1      | Reached skill level 1 in Dodging
   960 | D:2      | Noticed a crimson imp
   984 | D:1      | Mangled by a worm

Skill      XL: |  1  2 |
---------------+-------+-----
Dodging        | 1 |  1.1
Evocations     | 3 |  3.0
Fighting       | |  1.8
Short Blades   | |  2.7
Stealth        | |  6.9

Action                   || total
-------------------------++-------
Melee: Dagger            ||    49
Evoke: Wand              ||     2
 Stab: Sleeping          ||     8
Armor: Robe              ||     7
Dodge: Dodged            ||    24
